[Event "Titled Tuesday Blitz February 21 Late 2023"]
[White "Womacka, Mathias"]
[Black "Perske, Thore"]
[WhiteFideId "4611390"]
[BlackFideId "12902195"]
[WhiteElo "2396"]
[BlackElo "2448"]
[Result "0-1"]
[Round "08"]
[TimeControl "180+2"]
[Date "2023.02.21"]
[WhiteClock "0:00:31"]
[BlackClock "0:00:09"]

1. e4 e6 2. d4 d5 3. Nd2 c5 4. exd5 exd5 5. Ngf3 a6 6. Be2 Nf6 7. O-O Be7 8. dxc5 Bxc5 9. Nb3 Bb6 10. Bg5 O-O 11. c3 Re8 12. Nfd4 h6 13. Bh4 g5 14. Bg3 Ne4 15. Bd3 f5 16. Qh5 Kg7 17. Bxb8 Rxb8 18. Rae1 Bd7 19. Bxe4 dxe4 20. f3 e3 21. f4 g4 22. Re2 Qf6 23. Rfe1 Re4 24. Rxe3 Be8 25. Qxf5 Qxf5 26. Nxf5+ Kf6 27. Nfd4 Rxe3 28. Rxe3 Bf7 29. Kf2 Rd8 30. Rd3 a5 31. Kg3 a4 32. Nc1 h5 33. b3 a3 34. Nb5 Rxd3+ 35. Nxd3 Bxb3 36. Nxa3 Bxa2 37. Ne5 Ba5 38. c4 Be1# 0-1


[Site "https://www.chess.com"]

[Event "Titled Tuesday Blitz February 21 Late 2023"]
[White "Aydincelebi, Kagan"]
[Black "Mazurkiewicz, Michal"]
[WhiteFideId "6361102"]
[BlackFideId "1124943"]
[WhiteElo "2280"]
[BlackElo "2145"]
[Result "0-1"]
[Round "08"]
[TimeControl "180+2"]
[Date "2023.02.21"]
[WhiteClock "0:00:26"]
[BlackClock "0:00:45"]

1. e4 d6 2. d4 Nf6 3. Nc3 c6 4. Be3 e5 5. Qd2 Ng4 6. Bg5 Qb6 7. dxe5 dxe5 8. O-O-O Nd7 9. h3 Nxf2 10. Na4 Qd4 11. Qxd4 exd4 12. Rxd4 Nxh1 13. Nf3 Ng3 14. Bd3 Be7 15. Bf4 Nh5 16. Bc7 O-O 17. e5 g6 18. Nc3 Ng7 19. Bc4 Nb6 20. Bxb6 axb6 21. Ne4 Rd8 22. Nd6 Bxd6 23. exd6 Be6 24. Bd3 Nf5 25. Bxf5 Bxf5 26. c4 c5 27. Rd2 Rxa2 28. Kd1 Re8 29. Rd5 Rxb2 30. g4 Be6 31. Re5 Rd8 32. Kc1 Rf2 33. Ng5 Rxd6 34. Ne4 Rf1+ 35. Kc2 Rd4 36. Nd2 Rf2 37. Kc3 Rfxd2 38. g5 R4d3# 0-1


[Site "https://www.chess.com"]

[Event "Titled Tuesday Blitz February 21 Late 2023"]
[White "Martinez Ramirez, Lennis"]
[Black "Koutlas, Nikolaos"]
[WhiteFideId "3509079"]
[BlackFideId "25827138"]
[WhiteElo "2426"]
[BlackElo "2341"]
[Result "0-1"]
[Round "08"]
[TimeControl "180+2"]
[Date "2023.02.21"]
[WhiteClock "0:00:10"]
[BlackClock "0:00:35"]

1. c4 Nf6 2. Nc3 a6 3. g3 e5 4. Bg2 h5 5. h3 h4 6. g4 c6 7. d4 exd4 8. Qxd4 Qa5 9. Bd2 Bc5 10. Qe5+ Kd8 11. Nd5 Qxd2+ 12. Kxd2 cxd5 13. cxd5 d6 14. Qc3 a5 15. e3 Bb4 16. Ne2 Na6 17. Rac1 Nc5 18. Kc2 Bxc3 19. Nxc3 Bd7 20. Rhd1 Rc8 21. Kd2 b5 22. Ke1 b4 23. Ne2 Bb5 24. Kf1 Kd7 25. f3 Nd3 26. Rb1 Rc2 27. Nd4 Nf4+ 28. Nxb5 Nxg2 29. Rd3 Nxd5 30. Kg1 Ngxe3 31. Re1 Re8 32. Nd4 Rxb2 33. Kh1 Rxa2 34. Rc1 Nc3 35. Re1 Ned5 36. Rxe8 Kxe8 37. Nf5 b3 38. Nxd6+ Ke7 39. Nc4 b2 40. Nxb2 Rxb2 41. f4 a4 42. f5 a3 43. f6+ gxf6 44. g5 a2 45. gxf6+ Kxf6 46. Rf3+ Kg7 47. Rf1 Rb1 48. Rxb1 axb1=Q+ 49. Kh2 Qc2+ 50. Kg1 Ne3 51. Kh1 Qg2# 0-1


[Site "https://www.chess.com"]

[Event "Titled Tuesday Blitz February 21 Late 2023"]
[White "Skvortsov, Andrei"]
[Black "Becerra, Juan David"]
[WhiteFideId "24108600"]
[BlackFideId "4404998"]
[WhiteElo "2313"]
[BlackElo "2382"]
[Result "1/2-1/2"]
[Round "08"]
[TimeControl "180+2"]
[Date "2023.02.21"]
[WhiteClock "0:00:06"]
[BlackClock "0:00:04"]

1. d4 d5 2. c4 e6 3. Nc3 c6 4. cxd5 exd5 5. Bf4 Bf5 6. e3 Nf6 7. Bd3 Bxd3 8. Qxd3 Bd6 9. Nge2 O-O 10. O-O Re8 11. h3 h6 12. a3 a5 13. Rab1 Na6 14. Bxd6 Qxd6 15. Qf5 g6 16. Qf4 Qxf4 17. Nxf4 Nc7 18. Rfc1 a4 19. Nd3 Ne6 20. f3 Kg7 21. Kf2 Nd7 22. g4 b5 23. Na2 Rec8 24. Nab4 c5 25. dxc5 Ndxc5 26. Nxc5 Nxc5 27. Rc3 d4 28. exd4 Nb3 29. Rxc8 Rxc8 30. d5 Kf6 31. Re1 Na5 32. d6 Nc4 33. Nd5+ Kg7 34. d7 Rd8 35. Re7 Nxb2 36. Nb4 Kf8 37. Nc6 Nd3+ 38. Ke3 Nc5 39. Rxf7+ Kxf7 40. Nxd8+ Ke7 41. Nc6+ Kxd7 42. Nd4 b4 43. axb4 Na6 44. Nc2 Kc6 45. Kd4 Kb5 46. Kc3 Nc7 47. Na3+ Kb6 48. Nc4+ Kb5 49. Na3+ Kb6 50. Kc4 Ne6 51. h4 g5 52. hxg5 hxg5 53. b5 Nf4 54. Kb4 Nd3+ 55. Kxa4 Ne5 56. Kb4 Nxf3 57. Nc4+ Kc7 58. Kc5 Nh2 59. Ne3 Nf3 60. b6+ Kb7 61. Nc4 Nh2 62. Na5+ Kb8 63. Nc6+ Kb7 64. Nd8+ Kc8 65. Kc6 Nxg4 66. b7+ Kb8 67. Kb6 Ne5 68. Ne6 g4 69. Nc5 Nc4+ 70. Kc6 Na5+ 71. Kd5 Nxb7 72. Nd3 g3 73. Ne1 Nd8 74. Ng2 Nf7 75. Ke4 Ng5+ 76. Kf4 Ne6+ 77. Kxg3 1/2-1/2


[Site "https://www.chess.com"]

[Event "Titled Tuesday Blitz February 21 Late 2023"]
[White "Dzida, Kamil"]
[Black "Kanakaris, Georgios"]
[WhiteFideId "21828652"]
[BlackFideId "4209460"]
[WhiteElo "2352"]
[BlackElo "2391"]
[Result "0-1"]
[Round "08"]
[TimeControl "180+2"]
[Date "2023.02.21"]
[WhiteClock "0:00:20"]
[BlackClock "0:00:07"]

1. e4 e6 2. d4 d5 3. Nc3 Bb4 4. e5 Qd7 5. a3 Bxc3+ 6. bxc3 b6 7. Qg4 f5 8. Qg3 Bb7 9. h4 Nc6 10. h5 O-O-O 11. a4 Na5 12. Ba3 Nc4 13. a5 Nxa5 14. Bb4 Nc6 15. Ne2 a5 16. Ba3 Ba6 17. Nf4 Bxf1 18. Kxf1 Nh6 19. f3 Rhg8 20. Kf2 Na7 21. c4 dxc4 22. c3 Nb5 23. Bb2 c6 24. Ra4 Nc7 25. Rxc4 b5 26. Rc5 Na6 27. Nd3 Nxc5 28. Nxc5 Qd5 29. Rc1 Qa2 30. Rc2 Nf7 31. Qf4 Rge8 32. Qc1 Qc4 33. Ba3 Rd5 34. Qd2 Nxe5 35. Qe3 Nd7 36. Na6 Kb7 37. Nc5+ Nxc5 38. Bxc5 Rxc5 39. dxc5 Rd8 40. Qe5 Rd7 41. Re2 a4 42. Qxe6 Qxe6 43. Rxe6 a3 44. Re2 Rd3 45. Re7+ Ka6 46. Rc7 a2 47. Rxc6+ Kb7 48. Rb6+ Ka7 49. Rxb5 a1=Q 50. c6 Qa2+ 51. Kg3 Rd8 52. Rb7+ Ka6 53. Rxg7 Qc4 54. c7 Rc8 55. Rxh7 Rxc7 56. Rh6+ Kb5 57. Rg6 Rh7 58. Rg5 Qe6 59. Kh4 Kc6 60. g4 fxg4 61. fxg4 Qf6 62. c4 Rh6 63. c5 Rh7 64. h6 Rxh6+ 0-1


[Site "https://www.chess.com"]

[Event "Titled Tuesday Blitz February 21 Late 2023"]
[White "Jimenez Jimenez, Leandro"]
[Black "Zhurbinsky, David"]
[WhiteFideId "6415253"]
[BlackFideId "2072904"]
[WhiteElo "2146"]
[BlackElo "2045"]
[Result "0-1"]
[Round "08"]
[TimeControl "180+2"]
[Date "2023.02.21"]
[WhiteClock "0:00:01"]
[BlackClock "0:00:25"]

1. d4 Nf6 2. c4 e6 3. Nf3 Bb4+ 4. Bd2 Qe7 5. Nc3 O-O 6. g3 d5 7. Bg2 Bxc3 8. Bxc3 Ne4 9. Qc2 Nd7 10. O-O f5 11. a3 Ndf6 12. Bb4 c5 13. dxc5 a5 14. Bc3 Qxc5 15. Bxf6 gxf6 16. Rac1 d4 17. Nd2 Nxd2 18. Qxd2 a4 19. Rfd1 e5 20. Bd5+ Kg7 21. Re1 Rd8 22. e3 dxe3 23. Qxe3 Qxe3 24. Rxe3 Ra6 25. b3 Be6 26. Bxe6 Rxe6 27. bxa4 Rb6 28. c5 Rb2 29. c6 bxc6 30. Rxc6 Rdd2 31. Rf3 Kg6 32. a5 Kg5 33. Rc7 f4 34. Rg7+ Kf5 35. Rxh7 Ke4 36. Kg2 Rd1 37. gxf4 exf4 38. Re7+ Kf5 39. Rb7 Rxb7 40. Rc3 Rd5 41. a6 Ra7 42. Rc6 Ra5 43. h4 Rxa3 44. Rc5+ Kg4 0-1


[Site "https://www.chess.com"]

[Event "Titled Tuesday Blitz February 21 Late 2023"]
[White "Thomforde-Toates, Noah"]
[Black "Jian, Alex"]
[WhiteFideId "30951992"]
[BlackFideId "30901022"]
[WhiteElo "2124"]
[BlackElo "2031"]
[Result "1-0"]
[Round "08"]
[TimeControl "180+2"]
[Date "2023.02.21"]
[WhiteClock "0:00:54"]
[BlackClock "0:00:06"]

1. e4 c5 2. b3 Nc6 3. Bb2 Nf6 4. e5 Nd5 5. Qf3 e6 6. Nc3 Nxe5 7. Qg3 Nxc3 8. Bxc3 Ng6 9. h4 Ne7 10. Bd3 d5 11. Be5 Nc6 12. Nf3 Nxe5 13. Nxe5 Qf6 14. Bb5+ Kd8 15. Qg5 Kc7 16. O-O-O h6 17. Qg3 Bd6 18. f4 a6 19. Be2 Bd7 20. Kb1 a5 21. a4 Bc6 22. d4 cxd4 23. Rxd4 Rhc8 24. Rhd1 Rd8 25. c4 Bc5 26. R4d2 dxc4 27. Nxc4 Be4+ 28. Bd3 Qc3 29. f5+ Kc8 30. Bxe4 Qxg3 31. Rxd8+ Kc7 32. R1d7# 1-0


[Site "https://www.chess.com"]

[Event "Titled Tuesday Blitz February 21 Late 2023"]
[White "Feng, Eric"]
[Black "Vaglio Mattey, Emanuel"]
[WhiteFideId "30952590"]
[BlackFideId "6504167"]
[WhiteElo "1951"]
[BlackElo "2155"]
[Result "1-0"]
[Round "08"]
[TimeControl "180+2"]
[Date "2023.02.21"]
[WhiteClock "0:00:38"]
[BlackClock "0:00:03"]

1. d4 Nf6 2. c4 e6 3. Nf3 d5 4. g3 Be7 5. Bg2 O-O 6. O-O dxc4 7. Ne5 c5 8. dxc5 Qc7 9. Nxc4 Qxc5 10. b3 Rd8 11. Qc2 Nc6 12. Ba3 Nb4 13. Bxb4 Qxb4 14. Nc3 Bd7 15. a3 Qc5 16. Bxb7 Rab8 17. Bg2 Rdc8 18. Rfd1 a5 19. Ne4 Nxe4 20. Bxe4 Bb5 21. Bxh7+ Kh8 22. Bd3 Bf6 23. Rac1 Qh5 24. a4 Bc6 25. Nxa5 Qxa5 26. Qc4 Qd5 27. Qxd5 Bxd5 28. Rxc8+ Rxc8 29. Rb1 Rc3 30. b4 Ra3 31. a5 Bd4 32. a6 g6 33. b5 Bb6 34. Rc1 Kg7 35. Kf1 e5 36. f3 Be3 37. Rd1 Bb3 38. Rb1 Ba2 39. Rb2 Bd4 40. b6 Bxb6 41. Rxb6 Bd5 42. Kf2 f5 43. Rd6 Ba8 44. Rd7+ Kf6 45. Bc4 e4 46. Rd8 e3+ 47. Kg2 Ra4 48. Bd3 1-0


[Site "https://www.chess.com"]

[Event "Titled Tuesday Blitz February 21 Late 2023"]
[White "Jeet, Jain"]
[Black "Pino Perez, Lazaro"]
[WhiteFideId "5073022"]
[BlackFideId "3517055"]
[WhiteElo "2199"]
[BlackElo "2142"]
[Result "0-1"]
[Round "08"]
[TimeControl "180+2"]
[Date "2023.02.21"]
[WhiteClock "0:00:15"]
[BlackClock "0:00:07"]

1. c4 c5 2. Nf3 g6 3. Nc3 Bg7 4. g3 Nc6 5. Bg2 d6 6. O-O e5 7. d3 Nge7 8. a3 a5 9. Rb1 O-O 10. Ne1 Be6 11. Nc2 d5 12. cxd5 Nxd5 13. Nxd5 Bxd5 14. Be3 a4 15. Ne1 Bb3 16. Qc1 Rc8 17. Nf3 b6 18. Nd2 Ba2 19. Ra1 Be6 20. Nc4 Nd4 21. Bxd4 exd4 22. Qc2 b5 23. Nd2 Qd7 24. Ne4 Bb3 25. Qd2 f5 26. Ng5 c4 27. dxc4 bxc4 28. Qa5 c3 29. bxc3 dxc3 30. Rac1 c2 31. e4 h6 32. Nh3 fxe4 33. Nf4 Bc3 34. Qa6 Rf6 35. Qe2 Bd2 36. Qxe4 Bxc1 37. Rxc1 Qd1+ 38. Rxd1 cxd1=Q+ 39. Bf1 Bc4 0-1


[Site "https://www.chess.com"]

[Event "Titled Tuesday Blitz February 21 Late 2023"]
[White "Poliakova, Varvara"]
[Black "Jorajuria Mendoza, Algol"]
[WhiteFideId "13518313"]
[BlackFideId "5128897"]
[WhiteElo "2010"]
[BlackElo "2069"]
[Result "1-0"]
[Round "08"]
[TimeControl "180+2"]
[Date "2023.02.21"]
[WhiteClock "0:02:09"]
[BlackClock "0:00:46"]

1. e4 c5 2. Nf3 e6 3. d4 cxd4 4. Nxd4 Nc6 5. Nc3 Qc7 6. Qd3 Nf6 7. Ndb5 Qb8 8. Qg3 e5 9. Bg5 a6 10. Na3 Be7 11. Bxf6 Bxf6 12. Nd5 Kf8 13. Nc4 d6 14. Ncb6 Ra7 15. Nxf6 gxf6 16. Nd5 Rg8 17. Qh4 Ne7 18. Qh6+ Rg7 19. Nxf6 1-0


[Site "https://www.chess.com"]

[Event "Titled Tuesday Blitz February 21 Late 2023"]
[White "Guzman Moneo, Alberto"]
[Black "Maltsevskaya, Aleksandra"]
[WhiteFideId "2209616"]
[BlackFideId "24174041"]
[WhiteElo "2170"]
[BlackElo "2390"]
[Result "1-0"]
[Round "08"]
[TimeControl "180+2"]
[Date "2023.02.21"]
[WhiteClock "0:00:08"]
[BlackClock "0:00:03"]

1. e4 c5 2. Nc3 Nc6 3. Bb5 g6 4. Bxc6 bxc6 5. f4 Bg7 6. Nf3 d6 7. d3 Nf6 8. O-O O-O 9. Qe1 a5 10. a4 Ba6 11. b3 Qb6 12. Kh1 e6 13. Bd2 d5 14. e5 Nd7 15. Ne2 c4 16. Bxa5 Qa7 17. dxc4 dxc4 18. b4 c3 19. Nfd4 c5 20. Nb5 Bxb5 21. axb5 Qb7 22. Nxc3 Rfc8 23. Ne4 Bf8 24. Rd1 Be7 25. c4 cxb4 26. Rxd7 Qxd7 27. Bxb4 Ra2 28. Bxe7 Qxe7 29. c5 Qb7 30. Qb1 Re2 31. c6 Qb6 32. Nf6+ Kg7 33. Qd3 Rf2 34. Rb1 Rd8 35. Nd7 Qa5 36. h3 Qa2 37. Rg1 Rxf4 38. c7 Rc8 39. b6 Qb2 40. Qd6 Rd4 41. b7 Rxd6 42. bxc8=Q Rd2 43. Qf8# 1-0


[Site "https://www.chess.com"]

[Event "Titled Tuesday Blitz February 21 Late 2023"]
[White "Sielecki, Christof"]
[Black "Lorenzo De La Riva, Lazaro"]
[WhiteFideId "4620437"]
[BlackFideId "2268809"]
[WhiteElo "2419"]
[BlackElo "2404"]
[Result "1-0"]
[Round "08"]
[TimeControl "180+2"]
[Date "2023.02.21"]
[WhiteClock "0:00:19"]
[BlackClock "0:00:50"]

1. e4 d6 2. d4 Nf6 3. Nc3 c6 4. f4 Qa5 5. Bd3 e5 6. Nf3 exd4 7. Nxd4 Qb6 8. Be2 g6 9. O-O Bg7 10. Kh1 Nxe4 11. Nxe4 Qxd4 12. Nxd6+ Ke7 13. Nxc8+ Rxc8 14. Bd3 Kf8 15. f5 Kg8 16. fxg6 hxg6 17. Qf3 Rf8 18. Be3 Qh4 19. Bc5 Nd7 20. Bxf8 Rxf8 21. Qf4 Qh5 22. Qf3 Qh4 23. Qh3 Qxh3 24. gxh3 Ne5 25. Be2 f6 26. c3 Kf7 27. h4 Ke7 28. h5 gxh5 29. Bxh5 Rh8 30. Be2 Rh4 31. Rg1 Bh6 32. Raf1 Bg5 33. Rg2 a5 34. Re1 Re4 35. Rf1 b5 36. h3 Re3 37. Kh2 Re4 38. Bg4 Bf4+ 39. Kh1 Bg5 40. Re2 Rc4 41. Rf5 Kd6 42. Rexe5 fxe5 43. Rxg5 b4 44. Rg6+ Kd5 45. Be6+ 1-0


[Site "https://www.chess.com"]

[Event "Titled Tuesday Blitz February 21 Late 2023"]
[White "Ballester Llagaria, Luis Eduardo"]
[Black "Fernandez Siles, Luis"]
[WhiteFideId "2297620"]
[BlackFideId "2209420"]
[WhiteElo "2298"]
[BlackElo "2218"]
[Result "0-1"]
[Round "08"]
[TimeControl "180+2"]
[Date "2023.02.21"]
[WhiteClock "0:00:04"]
[BlackClock "0:00:53"]

1. e4 c5 2. Nc3 Nc6 3. Bb5 Nd4 4. Nf3 g6 5. O-O Bg7 6. Nxd4 cxd4 7. Ne2 Nf6 8. d3 Qb6 9. Bc4 O-O 10. a4 a5 11. Bb3 d6 12. Ng3 Be6 13. Bxe6 fxe6 14. f4 Rac8 15. b3 Qc5 16. Rf2 Qc3 17. Rb1 e5 18. f5 d5 19. fxg6 hxg6 20. Bb2 Qc5 21. exd5 Qxd5 22. Qe2 Rc6 23. Rbf1 Rfc8 24. Qd1 Qe6 25. h3 Nd5 26. Bc1 Ne3 27. Bxe3 dxe3 28. Re2 Bh6 29. Ne4 Bf4 30. Rf3 g5 31. g3 g4 32. hxg4 Qxg4 33. Qf1 Rxc2 34. Kh1 Rc1 35. gxf4 Qxf3+ 0-1


[Site "https://www.chess.com"]

[Event "Titled Tuesday Blitz February 21 Late 2023"]
[White "Ardila, Oscar Humberto"]
[Black "Shapiro, Viktor"]
[WhiteFideId "4404742"]
[BlackFideId "4175700"]
[WhiteElo "1982"]
[BlackElo "2192"]
[Result "0-1"]
[Round "08"]
[TimeControl "180+2"]
[Date "2023.02.21"]
[WhiteClock "0:00:02"]
[BlackClock "0:01:00"]

1. d4 Nf6 2. c4 c5 3. dxc5 e6 4. Nf3 Bxc5 5. e3 b6 6. Be2 Bb7 7. O-O O-O 8. Nc3 a6 9. Bd2 Be7 10. Qc2 d6 11. Rfd1 Nbd7 12. Rac1 Rc8 13. b3 Qc7 14. Qb2 Qb8 15. a3 Rc7 16. Be1 Rfc8 17. Nd4 Ne5 18. Bf1 Qa8 19. Qe2 Bf8 20. f3 d5 21. cxd5 Nxd5 22. Nxd5 Bxd5 23. Rxc7 Rxc7 24. e4 Bb7 25. Bf2 Bxa3 26. Qd2 Qc8 27. Qg5 Ng6 28. h4 Be7 29. Qg4 Rc5 30. h5 Rg5 31. Qh3 Nf4 32. Qh2 Nxh5 33. Be3 Ra5 34. b4 Bxb4 35. Rc1 Rc5 36. Rxc5 Qxc5 37. Qb8+ Qc8 38. Qh2 Nf6 39. Ne2 Bc5 40. Bxc5 Qxc5+ 41. Kh1 g6 42. Qb8+ Qc8 43. Qe5 Qd8 44. f4 Ng4 45. Qc3 Qh4+ 46. Qh3 Nf2+ 47. Kh2 Nxh3 0-1


[Site "https://www.chess.com"]

[Event "Titled Tuesday Blitz February 21 Late 2023"]
[White "Melian, Juan Sebastian"]
[Black "Gurevich, Ilya"]
[WhiteFideId "3706575"]
[BlackFideId "2000628"]
[WhiteElo "2293"]
[BlackElo "2586"]
[Result "1-0"]
[Round "08"]
[TimeControl "180+2"]
[Date "2023.02.21"]
[WhiteClock "0:00:07"]
[BlackClock "0:00:02"]

1. d4 Nf6 2. c4 g6 3. Nc3 Bg7 4. e4 d6 5. f3 O-O 6. Be3 c5 7. Nge2 cxd4 8. Nxd4 Nc6 9. Qd2 Bd7 10. Be2 Nxd4 11. Bxd4 Bc6 12. O-O Nd7 13. b4 Bxd4+ 14. Qxd4 Qb6 15. Qxb6 Nxb6 16. Rab1 Rac8 17. Rfc1 Rc7 18. Nd1 Rfc8 19. Ne3 Bd7 20. Rc2 Kf8 21. Kf2 Ba4 22. Rc3 e6 23. b5 d5 24. exd5 exd5 25. Ra3 dxc4 26. Rc3 Rc5 27. Ra3 Rxb5 28. Rxb5 Bxb5 29. Rxa7 Ba6 30. a4 Rb8 31. a5 Nc8 32. Rxa6 bxa6 33. Bxc4 Nd6 34. Bxa6 Ra8 35. Bd3 Rxa5 36. h4 f5 37. Bf1 h5 38. Kg3 Ra4 39. Nd5 Kf7 40. Nf4 Kf6 41. Be2 Ra5 42. Bd3 Nf7 43. Be2 Ne5 44. Bf1 Nc6 45. Bc4 Nd4 46. Nd5+ Kg7 47. Nf4 Ra4 48. Bd5 Kf6 49. Bb7 Ne6 50. Nd5+ Kg7 51. Bc8 Nf8 52. Nf4 Ra8 53. Bb7 Rb8 54. Bd5 Kf6 55. Bc4 Rb4 56. Nd5+ Ke5 57. Nxb4 Kd4 58. Bf7 Ke3 59. Nd5+ Kd4 60. Ne7 Ke5 61. Nxg6+ 1-0


[Site "https://www.chess.com"]

[Event "Titled Tuesday Blitz February 21 Late 2023"]
[White "Oro, Faustino"]
[Black "Zampronha, Wladimir Camilo"]
[WhiteFideId "20000197"]
[BlackFideId "2103087"]
[WhiteElo "2269"]
[BlackElo "2176"]
[Result "1-0"]
[Round "08"]
[TimeControl "180+2"]
[Date "2023.02.21"]
[WhiteClock "0:01:45"]
[BlackClock "0:01:58"]

1. e4 c5 2. Nf3 e6 3. d4 cxd4 4. Nxd4 Nc6 5. Nc3 Qc7 6. Be3 a6 7. Qf3 Bd6 8. O-O-O Nxd4 9. Bxd4 Be5 10. Bxe5 Qxe5 11. Qe3 Ne7 12. f4 Qa5 13. Bd3 b5 14. Kb1 Bb7 15. g4 Rc8 16. Ne2 d5 17. f5 dxe4 18. Bxe4 Bxe4 19. Qxe4 exf5 20. gxf5 Qc7 21. f6 gxf6 22. Rhg1 Kf8 23. Nd4 Ng6 24. Nf5 Qe5 25. Qb4+ Qc5 26. Qxc5+ Rxc5 27. Rd8# 1-0


[Site "https://www.chess.com"]

[Event "Titled Tuesday Blitz February 21 Late 2023"]
[White "Vovk, Orest"]
[Black "Petrovic, Aleksa"]
[WhiteFideId "14113490"]
[BlackFideId "967629"]
[WhiteElo "2315"]
[BlackElo "2332"]
[Result "1-0"]
[Round "08"]
[TimeControl "180+2"]
[Date "2023.02.21"]
[WhiteClock "0:01:26"]
[BlackClock "0:00:18"]

1. h4 e5 2. h5 d5 3. h6 Nxh6 4. d4 Nc6 5. Bxh6 gxh6 6. dxe5 Nxe5 7. Nf3 Nxf3+ 8. gxf3 Bg7 9. Nc3 c6 10. Qd3 Qf6 11. Bh3 Qh4 12. Bd7+ Bxd7 13. Rxh4 O-O-O 14. O-O-O Bf6 15. Ra4 Kb8 16. e3 h5 17. Rh1 h4 18. Raxh4 Bxh4 19. Rxh4 h5 20. Ne2 Rdg8 21. Nf4 Rg5 22. Qd4 Rh6 23. b3 b6 24. Kb2 c5 25. Qd2 Bc6 26. Qd1 Kb7 27. Qh1 d4 28. exd4 cxd4 29. Rxh5 Rgxh5 30. Nxh5 f5 31. Qh4 Bxf3 32. Qf4 Rxh5 33. Qxf3+ 1-0


[Site "https://www.chess.com"]

[Event "Titled Tuesday Blitz February 21 Late 2023"]
[White "Moral Garcia, Serafin"]
[Black "Arencibia Monduy, Antonio"]
[WhiteFideId "2201925"]
[BlackFideId "3507939"]
[WhiteElo "2238"]
[BlackElo "2122"]
[Result "1/2-1/2"]
[Round "08"]
[TimeControl "180+2"]
[Date "2023.02.21"]
[WhiteClock "0:00:13"]
[BlackClock "0:00:30"]

1. c4 Nf6 2. Nc3 e6 3. Nf3 d5 4. e3 c6 5. b3 Bd6 6. Bb2 Nbd7 7. d4 O-O 8. Bd3 Re8 9. O-O e5 10. dxe5 Nxe5 11. cxd5 Nxf3+ 12. gxf3 Nxd5 13. Nxd5 cxd5 14. f4 Qh4 15. Qf3 Be6 16. Kh1 Qg4 17. Qxg4 Bxg4 18. Kg2 Rac8 19. Bd4 Bc5 20. Bxc5 Rxc5 21. h3 Be6 22. Rfd1 g6 23. Be2 Rec8 24. Bf3 Rc2 25. Bxd5 Bxd5+ 26. Rxd5 Rb2 27. Rd7 Rcc2 28. Rf1 b6 29. Rxa7 Rxa2 30. Rxa2 Rxa2 31. Rd1 Rb2 32. Rd3 Kg7 33. e4 b5 34. e5 Kf8 35. Kf3 Ke7 36. h4 h5 37. Ke3 Ke6 38. Rd6+ Ke7 39. Rd3 Rb1 40. Kd4 Ke6 41. Kc5 Rh1 42. b4 Rxh4 43. Rd6+ Ke7 44. Rd4 Rh1 45. Kxb5 h4 46. Kb6 Rb1 47. f5 g5 48. f3 h3 49. Rd2 Rxb4+ 50. Kc5 Rf4 51. Kd5 Rxf3 52. f6+ Ke8 53. Ke4 Rf4+ 54. Ke3 Ra4 55. Kf3 Rh4 56. Kg3 h2 57. Rxh2 Rxh2 58. Kxh2 Kd7 59. Kg3 Ke6 60. Kg4 Kxe5 61. Kxg5 Ke6 62. Kg4 Ke5 63. Kg5 Ke6 64. Kg4 Kxf6 65. Kf4 Ke6 66. Ke4 Kf6 67. Kf4 Ke6 68. Ke4 Kf6 69. Kf4 1/2-1/2


[Site "https://www.chess.com"]

[Event "Titled Tuesday Blitz February 21 Late 2023"]
[White "Prydun, Andriy"]
[Black "Defend, Balint"]
[WhiteFideId "14145898"]
[BlackFideId "17004853"]
[WhiteElo "2134"]
[BlackElo "1673"]
[Result "1-0"]
[Round "08"]
[TimeControl "180+2"]
[Date "2023.02.21"]
[WhiteClock "0:00:30"]
[BlackClock "0:00:24"]

1. d4 Nf6 2. c4 b5 3. cxb5 a6 4. b6 cxb6 5. Nc3 Bb7 6. Bg5 Ne4 7. Nxe4 Bxe4 8. e3 b5 9. Nf3 Qa5+ 10. Qd2 Qxd2+ 11. Nxd2 Bb7 12. Nb3 e6 13. a3 Nc6 14. Rc1 d5 15. Bd3 Bd6 16. Nc5 Bxc5 17. Rxc5 f6 18. Bh4 Kd7 19. f4 Rac8 20. f5 e5 21. Rxd5+ Ke7 22. O-O Nxd4 23. Rxe5+ Kd6 24. exd4 fxe5 25. f6 e4 26. fxg7 Rhg8 27. Rf6+ Kd5 28. Rf5+ Kxd4 29. Bf1 e3 30. Bf6+ Ke4 31. Re5+ Kf4 32. g3+ Kg4 33. Be2+ Bf3 34. Rg5+ Kh3 35. Bf1+ 1-0


[Site "https://www.chess.com"]

[Event "Titled Tuesday Blitz February 21 Late 2023"]
[White "Klenburg, Michael"]
[Black "Seletsky, Grigory"]
[WhiteFideId "14102072"]
[BlackFideId "14112191"]
[WhiteElo "2325"]
[BlackElo "2259"]
[Result "1-0"]
[Round "08"]
[TimeControl "180+2"]
[Date "2023.02.21"]
[WhiteClock "0:00:07"]
[BlackClock "0:00:01"]

1. g3 d5 2. Bg2 Nf6 3. d3 Bf5 4. Nd2 e6 5. e4 Bg6 6. f4 Bc5 7. Qe2 O-O 8. Ngf3 Nc6 9. h3 dxe4 10. Nxe4 Bxe4 11. dxe4 Nd4 12. Nxd4 Qxd4 13. c3 Qd7 14. e5 Nd5 15. Bd2 c6 16. O-O-O Qc7 17. Kb1 a5 18. h4 a4 19. h5 b5 20. Be4 Rab8 21. Ka1 a3 22. b3 b4 23. c4 Ne7 24. g4 Rfd8 25. Qf3 Rd4 26. Bc1 Rbd8 27. Bc2 Rxd1 28. Rxd1 Bd4+ 29. Kb1 c5 30. Qe4 g6 31. h6 Bc3 32. Rxd8+ Qxd8 33. Qb7 Bd4 34. Be4 Kf8 35. Kc2 Ke8 36. Bd2 Qd7 37. Qa8+ Qd8 38. Qa6 Bc3 39. Bc1 Bd4 40. Bd2 Qc7 41. Qa8+ Qc8 42. Qxc8+ Nxc8 43. Kd3 Bf2 44. f5 Ne7 45. f6 Ng8 46. Bc6+ Kd8 47. g5 Bg1 48. Ke4 Bf2 49. Bb5 Bg1 50. Bf4 Bf2 51. Kf3 Bd4 52. Bh2 Ne7 53. fxe7+ Kxe7 54. Ke4 Bf2 55. Bf4 Bd4 56. Bc6 Bf2 57. Kd3 Bd4 58. Bd2 Bg1 59. Bf3 Bf2 60. Ke2 Bg1 61. Be4 Bd4 62. Kd3 Bg1 63. Bf4 Bf2 64. Ke2 Bg1 65. Bg2 Bd4 66. Kf1 Kf8 67. Bc6 Ke7 68. Be4 Kf8 69. Ke2 Ke7 70. Kd3 Bf2 71. Bd2 Bd4 72. Bxb4 cxb4 73. Kxd4 1-0


[Site "https://www.chess.com"]

[Event "Titled Tuesday Blitz February 21 Late 2023"]
[White "Nilsen, Tobias Lang"]
[Black "Petukhov, Dmitry"]
[WhiteFideId "1521624"]
[BlackFideId "4142748"]
[WhiteElo "2247"]
[BlackElo "2350"]
[Result "1/2-1/2"]
[Round "08"]
[TimeControl "180+2"]
[Date "2023.02.21"]
[WhiteClock "0:00:27"]
[BlackClock "0:00:37"]

1. e4 c5 2. Nf3 d6 3. d4 cxd4 4. Qxd4 Nc6 5. Bb5 Bd7 6. Bxc6 Bxc6 7. Nc3 Nf6 8. Bg5 e5 9. Qd3 Be7 10. Nd2 O-O 11. Nc4 d5 12. exd5 Nxd5 13. Bxe7 Nxe7 14. Qxd8 Raxd8 15. Nxe5 Bxg2 16. Rg1 Bc6 17. Rd1 Rxd1+ 18. Kxd1 f6 19. Nxc6 Nxc6 20. Nd5 Kf7 21. c4 Rd8 22. Kc2 b5 23. b3 bxc4 24. bxc4 Nd4+ 25. Kd3 Nf3 26. Rb1 Rd7 27. h3 Ke6 28. Rb2 Ne5+ 29. Kd4 Nxc4 30. Kxc4 Rxd5 31. Rb7 Rd7 32. Rb5 g5 33. h4 h6 34. h5 Rd2 35. Rb7 Rxa2 36. f3 Ra3 37. Rh7 Rxf3 38. Rxh6 Rh3 39. Kd4 a5 40. Rh8 a4 41. h6 Kf7 42. Ke4 Kg6 43. Rg8+ Kh7 44. Rf8 Rxh6 45. Kf5 Rh1 46. Rf7+ Kg8 47. Ra7 Rf1+ 48. Kg6 Kf8 49. Rxa4 Ke7 50. Ra7+ Ke6 51. Ra6+ Ke5 52. Ra5+ Ke4 53. Ra4+ Kf3 54. Kxf6 g4 55. Kg5 g3 56. Ra3+ Kg2 57. Kg4 Kh2 58. Rxg3 Rf8 59. Rh3+ Kg2 60. Rg3+ Kf2 61. Ra3 Kg2 62. Ra2+ Rf2 63. Rxf2+ Kxf2 1/2-1/2


[Site "https://www.chess.com"]

[Event "Titled Tuesday Blitz February 21 Late 2023"]
[White "Remolar Gallen, Jose"]
[Black "Coelho, Ramyres Santana"]
[WhiteFideId "2215187"]
[BlackFideId "2120690"]
[WhiteElo "2285"]
[BlackElo "1981"]
[Result "0-1"]
[Round "08"]
[TimeControl "180+2"]
[Date "2023.02.21"]
[WhiteClock "0:00:50"]
[BlackClock "0:02:08"]

1. e4 c5 2. Nf3 d6 3. d4 cxd4 4. Nxd4 Nf6 5. Nc3 a6 6. Bc4 e6 7. Bb3 Qc7 8. Be3 Be7 9. f3 O-O 10. Qd2 Nbd7 11. g4 Ne5 12. O-O-O Nc4 13. Bxc4 Qxc4 14. g5 Nd7 15. h4 b5 16. h5 b4 17. Nce2 Qxa2 18. Qxb4 Rb8 19. Qa3 Qc4 20. g6 Ne5 21. h6 fxg6 22. hxg7 Rf7 23. Nf4 d5 24. Qc3 Qxc3 25. bxc3 dxe4 26. Ndxe6 Nc4 27. Bd4 Ba3# 0-1


[Site "https://www.chess.com"]